 Dungeon Crawl Stone Soup version 0.21-a0-142-gdd972a7 (webtiles) character file.

25 drasked the Magician (level 2, -1/19 HPs)
             Began as a Mummy Wizard on July 22, 2017.
             Slain by an adder (4 damage)
             ... on level 1 of the Dungeon.
             The game lasted 00:04:32 (1360 turns).

drasked the Magician (Mummy Wizard)                 Turns: 1360, Time: 00:04:33

Health: -1/19      AC:  2    Str: 10    XL:     2   Next: 82%
Magic:  0/7        EV: 12    Int: 17    God:
Gold:   47         SH:  0    Dex: 10    Spells: 4/9 levels left

rFire    x . .     SeeInvis .   i - +0 dagger
rCold    + . .     Gourm    .   (no shield)
rNeg     + + +     Faith    .   a - +0 robe
rPois    ∞         Spirit   .   b - +0 hat
rElec    .         Reflect  .   (no cloak)
rCorr    .         Harm     .   (no gloves)
MR       .....                  (no boots)
Stlth    ++........             (no amulet)
HPRegen  0.06/turn              (no ring)
MPRegen  0.10/turn              (no ring)

@: no status effects
A: no food or potions, fire vulnerability, cold resistance 1, negative energy
resistance 3, torment resistance, unbreathing
a: no special abilities


You were on level 1 of the Dungeon.
You were not hungry.

You visited 1 branch of the dungeon, and saw 2 of its levels.

You collected 47 gold pieces.

Inventory:

Hand Weapons
 i - a +0 dagger (weapon)
   (You took it off a kobold on level 1 of the Dungeon)
Armour
 a - a +0 robe (worn)
 b - a +0 hat (worn)
 e - a +0 cloak
   (You found it on level 1 of the Dungeon)
Scrolls
 d - a scroll of blinking {unknown}
 f - a scroll of immolation {unknown}
 g - 2 scrolls of identify {unknown}
 h - a scroll of fear {unknown}
Books
 c - a book of Minor Magic


   Skills:
 - Level 1.5 Dodging
 - Level 1.5 Stealth
 - Level 4.0 Spellcasting
 + Level 2.3 Conjurations
 - Level 0.7 Summonings
 - Level 0.7 Translocations


You had 4 spell levels left.
You knew the following spells:

 Your Spells              Type           Power        Failure   Level  Hunger
a - Magic Dart            Conj           ##..         6%          1    N/A
b - Blink                 Tloc           N/A          19%         2    N/A
c - Call Imp              Summ           #.......     19%         2    N/A

Dungeon Overview and Level Annotations

Branches:
Dungeon (2/15)

Altars:


Innate Abilities, Weirdness & Mutations

You do not eat or drink.
Your flesh is vulnerable to fire.
You are immune to poison.
Your flesh is cold resistant. (rC+)
You are immune to negative energy. (rN+++)
You are immune to unholy pain and torment.
You can survive without breathing.


Message History

There is a stone staircase leading down here.
You climb downwards.
A bat, a giant cockroach, a hobgoblin and a kobold come into view.
The hobgoblin shouts!
Found a murky inky potion and a scroll labeled XUVOBL BA POUB.
Found a stone staircase leading down.
There is a stone staircase leading up here.
Aim: a hobgoblin The magic dart hits the hobgoblin.
You now have 6/7 mp.
Aim: a hobgoblin The magic dart hits the hobgoblin.
You now have 5/7 mp.
You blink.
An adder comes into view.
You now have 3/7 mp.
A dart slug comes into view.
The bat barely misses you. The bat hits you.
You take 1 damage, and have 18/19 hp.
The bat closely misses you. The bat barely misses you.
You hit the giant cockroach. The bat hits you. The giant cockroach misses you.
You take 1 damage, and have 17/19 hp.
You hit the giant cockroach but do no damage.
The bat hits you but does no damage. The giant cockroach closely misses you.
You hit the giant cockroach. The bat closely misses you.
The giant cockroach bites you but does no damage.
The hobgoblin hits you but does no damage.
The giant cockroach bites you.
You take 2 damage, and have 15/19 hp.
You hit the giant cockroach but do no damage.
The bat hits you but does no damage. The hobgoblin barely misses you.
The giant cockroach bites you but does no damage.
You barely miss the giant cockroach. The bat hits you.
The hobgoblin misses you. The giant cockroach bites you.
You take 2 damage, and have 13/19 hp.
Aim: a hobgoblin The magic dart hits the hobgoblin.
The bat hits you but does no damage. The hobgoblin misses you.
The bat hits you but does no damage. The giant cockroach bites you.
An adder comes into view.
You take 1 damage, and have 12/19 hp.
You now have 3/7 mp.
Aim: a hobgoblin The magic dart hits the hobgoblin.
The adder hisses angrily.
The bat barely misses you. The hobgoblin hits you.
The giant cockroach barely misses you.
You take 3 damage, and have 9/19 hp.
You now have 2/7 mp.
Aim: a hobgoblin (severely wounded)
The magic dart hits the hobgoblin.
You kill the hobgoblin!
The bat closely misses you. The giant cockroach barely misses you.
The giant cockroach completely misses you.
You now have 1/7 mp.
You closely miss the giant cockroach. The bat closely misses you.
The giant cockroach bites you but does no damage.
You hit the giant cockroach but do no damage.
The bat misses you. The giant cockroach closely misses you.
You completely miss the giant cockroach.
The bat hits you. The giant cockroach bites you.
You take 1 damage, and have 8/19 hp.
You hit the giant cockroach but do no damage.
The bat barely misses you. The giant cockroach closely misses you.
The adder misses you.
You barely miss the giant cockroach. The bat barely misses you.
The giant cockroach barely misses you. The adder barely misses you.
The giant cockroach bites you.
You take 1 damage, and have 7/19 hp.
You barely miss the giant cockroach. The bat completely misses you.
The adder bites you but does no damage. The giant cockroach barely misses you.
You barely miss the giant cockroach. The bat barely misses you.
The adder bites you.
The giant cockroach bites you but does no damage.
The adder bites you.
* * * LOW HITPOINT WARNING * * *
You take 4 damage, and have 3/19 hp.
MASSIVE DAMAGE!!
Aim: a giant cockroach (almost dead)
The magic dart hits the giant cockroach.
You kill the giant cockroach!
The bat closely misses you. The adder misses you.
You now have 1/7 mp.
The kobold shouts!
The bat barely misses you.
There is a stone staircase leading up here.
You see here a giant cockroach corpse.
The bat hits you but does no damage. The bat barely misses you.
The adder barely misses you. x2
You climb upwards.
There is a stone staircase leading down here.
You don't have enough magic to cast that spell.
The adder closely misses you.
A beastly little devil appears in a puff of flame.
The adder misses you.
You now have 0/7 mp.
You barely miss the adder. The adder closely misses you.
Your crimson imp hits the adder.
You closely miss the adder. The adder closely misses you. The adder bites you.
You die...

##### #.[.# #...# #...#
####### #...# #.....# #...#
#.###.# #...# #.###.###
#...# #@#.....# #...#####
#S#.#.#.# #.......#
#5#.#.#.#
##.......#######.#.#.#.#
................>#.#.#.#
###......#######.#.#.#.###
###......#...............##
............♣.♣.♣.♣.♣.♣...#
[..........♣...♣...♣...♣..#


You could see an adder and a friendly crimson imp.

Vanquished Creatures
  An ooze (D:1)
  A dart slug (D:1)
  A bat (D:1)
  A giant cockroach (D:2)
  2 hobgoblins
  3 frilled lizards (D:1)
  2 kobolds (D:1)
  5 rats (D:1)
16 creatures vanquished.

Vanquished Creatures (collateral kills)
  2 hobgoblins (D:1)
  4 jackals (D:1)
  A frilled lizard (D:1)
7 creatures vanquished.

Grand Total: 23 creatures vanquished

Notes
Turn   | Place    | Note
-------+----------+-------------------------------------------
     0 | D:1      | drasked the Mummy Wizard began the quest for the Orb.
     0 | D:1      | Reached XP level 1. HP: 13/13 MP: 5/5
    16 | D:1      | Reached skill level 1 in Conjurations
   448 | D:1      | Reached XP level 2. HP: 7/19 MP: 0/7
   757 | D:1      | Learned a level 2 spell: Blink
   760 | D:1      | Learned a level 2 spell: Call Imp
   824 | D:1      | Reached skill level 2 in Conjurations
  1349 | D:2      | HP: 3/19 [adder (3)]
  1360 | D:1      | Slain by an adder

Vault maps used:
D:1:      lemuel_arrival_cross, kennysheep_crisscross
D:2:      eat_drink_and_be_merry_uskayaw, chequers_ecumenical_altar_simple,
          uniq_terence, uniq_sigmund

Skill      XL: |  1  2 |
---------------+-------+-----
Conjurations   | 1 2 |  2.3
Dodging        | |  1.5
Stealth        | |  1.5
Spellcasting   | |  4.0
Summonings     | |  0.7
Translocations | |  0.7

Action                   || total
-------------------------++-------
Melee: Dagger            ||    23
 Cast: Magic Dart        ||    41
       Call Imp          ||     7
       Blink             ||     1
Armor: Robe              ||    12
Dodge: Dodged            ||    47

Vault maps used:
D:1:      lemuel_arrival_cross, kennysheep_crisscross
D:2:      eat_drink_and_be_merry_uskayaw, chequers_ecumenical_altar_simple,
          uniq_terence, uniq_sigmund

Table legend:
 A = Turns spent in this place as a percentage of turns spent in the entire game.
 B = Non-inter-level travel turns spent in this place as a percentage of non-inter-level travel turns spent in the entire game.
 C = Inter-level travel turns spent in this place as a percentage of turns spent in this place.
 D = Turns resting spent in this place as a percentage of non-inter-level travel turns spent in this place.
 E = Turns spent auto-exploring this place as a percentage of non-inter-level travel turns spent in this place.
 F = Non-inter-level travel turns spent in this place divided by the number of levels of this place that you've seen.
                   A       B       C       D       E      F
               +-------+-------+-------+-------+-------+----------------------
         Total | 100.0 | 100.0 |   0.3 |   8.6 |   6.7 | 187.0
       Dungeon | 100.0 | 100.0 |   0.3 |   8.6 |   6.7 | 187.0
               +-------+-------+-------+-------+-------+----------------------

Table legend:
 A = Kills in this place as a percentage of kills in entire the game.
 B = Kills by you in this place as a percentage of kills by you in the entire game.
 C = Kills by friends in this place as a percentage of kills by friends in the entire game.
 D = Other kills in this place as a percentage of other kills in the entire game.
 E = Experience gained in this place as a percentage of experience gained in the entire game.
 F = Experience gained in this place divided by the number of levels of this place that you have seen.
                   A       B       C       D       E      F
               +-------+-------+-------+-------+-------+----------------------
         Total | 100.0 | 100.0 | 100.0 |  -nan | 100.0 |  18.0
       Dungeon | 100.0 | 100.0 | 100.0 |  -nan | 100.0 |  18.0
               +-------+-------+-------+-------+-------+----------------------
